 Dungeon Crawl Stone Soup version 0.18.1-50-g88ac8fd (webtiles) character file.

41 Gargoyl the Skirmisher (level 3, -2/29 HPs)
             Began as a Demonspawn Abyssal Knight on Oct 7, 2016.
             Was a Follower of Lugonu.
             Slain by a gnoll
             ... wielding a +0 flail
              (3 damage)
             ... on level 1 of the Dungeon.
             The game lasted 00:02:30 (1355 turns).

Gargoyl the Skirmisher (Demonspawn Abyssal Knight)  Turns: 1355, Time: 00:02:31

Health: -2/29      AC: 16    Str: 13    XL:     3   Next: 32%
Magic:  5/5        EV:  3    Int: 13    God:    Lugonu [*.....]
Gold:   137        SH:  0    Dex: 12    Spells: 0 memorised, 2 levels left

rFire  . . .     SeeInvis .     a - +2 hand axe
rCold  . . .     Gourm    .     g - +0 plate armour
rNeg   . . .     Faith    .     (no shield)
rPois  .         Spirit   .     e - +0 helmet
rElec  .         Dismiss  .     (no cloak)
rCorr  .         Reflect  .     (no gloves)
SustAt .         Harm     .     (no boots)
MR     .....                    (no amulet)
Stlth  ..........               (no ring)
                                (no ring)

@: not resistant to hostile enchantments, extremely unstealthy
A: iridescent scales 1, rot immunity
a: Depart the Abyss, Renounce Religion


You were on level 1 of the Dungeon.
You worshipped Lugonu.
Lugonu was aware of your devotion.
You were not hungry.

You visited 1 branch of the dungeon, and saw 2 of its levels.
You visited the Abyss 1 time.

You collected 137 gold pieces.

Inventory:

Hand Weapons
 a - a +2 hand axe (weapon)
Armour
 e - a +0 helmet (worn)
 g - a +0 plate armour (worn)
Scrolls
 b - a scroll of fear {unknown}
 d - a scroll of identify {unknown}
 i - a scroll of enchant weapon
Comestibles
 c - a bread ration
 h - 6 fruits
 j - 2 chunks of flesh


   Skills:
 + Level 3.5 Fighting
 + Level 2.0 Axes
 * Level 2.4 Armour
 + Level 1.0 Dodging
 * Level 3.0 Invocations


You had 2 spell levels left.
You didn't know any spells.

Dungeon Overview and Level Annotations

Branches:
Dungeon (2/15)

Altars:


Innate Abilities, Weirdness & Mutations

You are partially covered in iridescent scales (AC +4).
You are immune to rotting.


Message History

The gnoll is heavily wounded.
The gnoll hits you with a halberd.
* * * LOW HITPOINT WARNING * * *
The gnoll hits you with a flail.
* * * LOW HITPOINT WARNING * * *
Unknown command.
You aren't carrying any potions.
Okay, then.
Read which item? (? for menu, Esc to quit)
As you read the scroll labeled JOCUBB KESHOR, it crumbles to dust.
It is a scroll of enchant weapon.
Enchant which weapon? (? for menu, Esc to quit)
Your +1 hand axe glows red for a moment.
The gnoll hits you but does no damage. x2
Read which item? (? for menu, Esc to quit)
As you read the scroll labeled OHUPNU LATSO, it crumbles to dust.
It is a scroll of amnesia.
You feel forgetful for a moment. The gnoll hits you but does no damage.
The gnoll hits you with a flail.
You die...

#...........# #.# #.#
#########.#.# #.# #.#
###.....##.#.# #.# #.#
#.....^....#.##########.# #.#
#.....#.####.#..........# #.#
#.....#.)..#........###.# #..
##########.#........#########
#.#........#.......#
#.#@g...............
#.#.g......#.#...#.#
#.#..........#.#.#.#
#.#..........#.#.#.#
#.#.................
########.#..........#.#...#
#........#...##.###.#.....#
#........#.####.###.#####.#
#..........................


You could see 2 gnolls.

Vanquished Creatures
  A gnoll (D:2)
  A dart slug (D:1)
  4 bats (D:1)
  6 goblins (D:1)
  7 hobgoblins (D:1)
  5 giant newts (D:1)
  2 kobolds (D:1)
  2 rats (D:1)
28 creatures vanquished.

Notes
Turn   | Place    | Note
--------------------------------------------------------------
     0 | Abyss:1  | Gargoyl the Demonspawn Abyssal Knight began the quest for the Orb.
     0 | Abyss:1  | Reached XP level 1. HP: 18/18 MP: 2/2
    28 | Abyss:2  | Found a corrupted altar of Lugonu.
    87 | Abyss:2  | Noticed a chaos spawn
    89 | Abyss:2  | Noticed a large abomination
   116 | Abyss:2  | Noticed a hell hound
   116 | Abyss:2  | Noticed a hell hound
   116 | Abyss:2  | Noticed a hell hound
   116 | D:1      | Escaped the Abyss
   213 | D:1      | Reached skill level 1 in Dodging
   240 | D:1      | Reached * piety under Lugonu
   240 | D:1      | Gained mutation: You are partially covered in iridescent scales (AC +4). [demonic ancestry]
   240 | D:1      | Reached XP level 2. HP: 24/24 MP: 4/4
   953 | D:1      | Gained mutation: You are immune to rotting. [demonic ancestry]
   953 | D:1      | Reached XP level 3. HP: 29/29 MP: 5/5
  1353 | D:1      | HP: 1/29 [gnoll/flail (1)]
  1355 | D:1      | Slain by a gnoll

Skill      XL: |  1  2  3 |
---------------+----------+-----
Armour         | 2 |  2.4
Dodging        | 1 |  1.0
Invocations    | 3 |  3.0
Axes           | 2 |  2.0
Fighting       | |  3.5

Action                   || total
-------------------------++-------
Melee: Hand axe          ||   110
Invok: Depart the Abyss  ||     1
  Use: Scroll            ||     3
       Potion            ||     1
  Eat: Chunk             ||     2
Armor: Plate armour      ||   114
Dodge: Dodged            ||    25
